 Dungeon Crawl Stone Soup version 0.27.1-2-g3b301248ec (webtiles) character file.

Game seed: 9599716173121099761

30 Descartes the Sneak (level 3, -1/17 HPs)
             Began as a Felid Delver on Oct 2, 2021.
             Slain by an iguana (11 damage)
             ... on level 5 of the Dungeon.
             The game lasted 00:00:41 (314 turns).

Descartes the Sneak (Felid Delver)                   Turns: 314, Time: 00:00:42

Health: -1/17      AC:  1    Str:  9    XL:     3   Next: 3%
Magic:  4/4        EV: 18    Int: 11    God:
Gold:   0          SH:  0    Dex: 17    Spells: 2/2 levels left
                                        Lives:  0   Deaths: 0

rFire    . . .     SeeInvis +     - Unarmed
rCold    . . .     Faith    .   (shield unavailable)
rNeg     . . .     Spirit   .   (armour unavailable)
rPois    .         Reflect  .   (helmet unavailable)
rElec    .         Harm     .   (cloak unavailable)
rCorr    .         Rampage  .   (gloves unavailable)
Will     .....                  (boots unavailable)
Stlth    ++++......             (no amulet)
HPRegen  0.05/turn              (no ring)
MPRegen  0.09/turn              (no ring)

@: quick
A: very small, claws 1, fangs 3, see invisible, speed 1, shaggy fur 1, stealthy
paws, no weapons or thrown items, no armour, multi-lived
a: no special abilities


You were on level 5 of the Dungeon.
You visited 1 branch of the dungeon, and saw 1 of its levels.

Inventory:

Wands
 e - a wand of digging (3)
Scrolls
 a - a scroll of fog
 b - a scroll of magic mapping
 c - a scroll of fear
Potions
 d - a potion of haste


   Skills:
 - Level 3.0 Fighting
 + Level 3.3 Dodging
 * Level 7.3 Stealth
 + Level 2.4 Unarmed Combat


You had 2 spell levels left.
You didn't know any spells.
Your spell library was empty.

Dungeon Overview and Level Annotations

Branches:
Dungeon (5/15)
 Temple: D:4-7

Altars:
Fedhas


Innate Abilities, Weirdness & Mutations

You have sharp claws.
You have razor-sharp teeth.
You have supernaturally acute eyesight. (SInv)
You cover ground quickly. (Speed+)
You are covered in fur. (AC +1)
Your paws help you pounce on unaware monsters.
You are incapable of wielding weapons or throwing items.
You cannot wear armour.
You gain extra lives every three experience levels.


Message History

The hound misses you.
You scratch the hound.
The hound is severely wounded.
The hound completely misses you. x2
You scratch the hound but do no damage.
The hound is severely wounded.
The hound bites you.
You scratch the hound.
The hound is almost dead.
The hound completely misses you. The hound misses you.
You scratch the hound but do no damage.
The hound is almost dead.
The hound barely misses you.
You scratch the hound but do no damage.
The hound is almost dead.
The hound bites you.
You closely miss the hound. You bite the hound.
You kill the hound!
Your Dodging skill increases to level 3!
Your Stealth skill increases to level 7!
You have reached level 2!
You have reached level 3!
Your experience leads to an increase in your attributes!
Increase (S)trength, (I)ntelligence, or (D)exterity?
You feel stronger.
HP restored.
An iguana comes into view.
Found a plate armour.
No target in view!
No target in view!
Found 9 gold pieces.
The iguana closely misses you.
You scratch the iguana.
The iguana is moderately wounded.
The iguana bites you!
You barely miss the iguana.
The iguana is moderately wounded.
The iguana bites you!
Ouch! That really hurt!
You die...

#. .###### #. .......
#$##.......
##..........
#......... #.......
#....l# #...@.#
#.....####
#........###
#..........######
#...............#####
#.[..................
#.....##.............
########...###.......
#...# #.......


You could see an iguana.

Vanquished Creatures
  A hound (D:5)
1 creature vanquished.

Notes
Turn   | Place    | Note
-------+----------+-------------------------------------------
     0 | D:5      | Descartes the Felid Delver began the quest for the Orb.
     0 | D:5      | Reached XP level 1. HP: 10/10 MP: 2/2
    14 | D:5      | Noticed a hound
   103 | D:5      | Killed a hound
   104 | D:5      | Reached skill level 7 in Stealth
   104 | D:5      | Reached XP level 2. HP: 6/14 MP: 3/3
   104 | D:5      | Reached XP level 3. HP: 7/17 MP: 4/4
   314 | D:5      | Slain by an iguana

Illustrated notes

Levels and vault maps discovered:
D:5:      cheibrodos_two_vegetables, layout_basic, fedhas_altar_1, serial_shops,
          kennysheep_mini, shop, kennysheep_mini_moat

Skill      XL: |  1 |
---------------+----+-----
Dodging        | 3 |  3.3
Stealth        | 7 |  7.3
Fighting       | |  3.0
Unarmed Combat | |  2.4

Action                   || total
-------------------------++-------
Melee: Unarmed           ||    15
       Bite              ||     2
Dodge: Dodged            ||    15
